 Dungeon Crawl Stone Soup version 0.20.1-1-g8b1a95d66d (webtiles) character file.

32 Jynx the Firebug (level 3, -7/19 HPs)
             Began as a Deep Elf Fire Elementalist on Dec 21, 2017.
             Was an Initiate of Vehumet.
             Mangled by Sigmund
             ... wielding a +0 scythe
              (14 damage)
             ... on level 2 of the Dungeon.
             The game lasted 00:02:54 (1926 turns).

Jynx the Firebug (Deep Elf Fire Elementalist)       Turns: 1926, Time: 00:02:55

Health: -7/19      AC:  2    Str:  5    XL:     3   Next: 10%
Magic:  7/10       EV: 13    Int: 20    God:    Vehumet [......]
Gold:   68         SH:  0    Dex: 15    Spells: 5/9 levels left

rFire    . . .     SeeInvis .   f - +0 dagger
rCold    . . .     Gourm    .   (no shield)
rNeg     . . .     Faith    .   a - +0 robe
rPois    .         Spirit   .   (no helmet)
rElec    .         Reflect  .   (no cloak)
rCorr    .         Harm     .   (no gloves)
MR       .....                  (no boots)
Stlth    ++........             (no amulet)
Regen    0.1/turn               (no ring)
MPRegen  0.2/turn               (no ring)

@: very slightly contaminated
A: no striking features
a: Renounce Religion


You were on level 2 of the Dungeon.
You worshipped Vehumet.
Vehumet was noncommittal.
You were hungry.

You visited 1 branch of the dungeon, and saw 2 of its levels.

You collected 68 gold pieces.

Inventory:

Hand Weapons
 f - a +0 dagger (weapon)
Armour
 a - a +0 robe (worn)
Scrolls
 d - a scroll of enchant weapon {unknown}
 i - a scroll of identify {unknown}
Potions
 e - a potion of mutation {unknown}
 g - a potion of heal wounds {unknown}
Books
 b - a book of Flames

   Spells                             Type                      Level
   a - Flame Tongue                   Conjuration/Fire             1
   b - Throw Flame                    Conjuration/Fire             2
   c - Conjure Flame                  Conjuration/Fire             3
   d - Inner Flame                    Hexes/Fire                   3
   e - Sticky Flame                   Conjuration/Fire             4
   f - Fireball                       Conjuration/Fire             5
Comestibles
 c - a bread ration
 h - a meat ration


   Skills:
 - Level 2.4 Dodging
 - Level 2.4 Stealth
 + Level 3.5 Spellcasting
 + Level 1.4 Conjurations
 * Level 4.2 Fire Magic


You had 5 spell levels left.
You knew the following spells:

 Your Spells              Type           Power        Failure   Level  Hunger
a - Flame Tongue          Conj/Fire      ##...        4%          1    None
b - Conjure Flame         Conj/Fire      ##......     12%         3    ###....


Dungeon Overview and Level Annotations

Branches:
Dungeon (2/15)

Altars:
Hepliaklqana
Sif Muna
Vehumet
Xom
Zin

Annotations:
D:2 Sigmund


Message History

Something barely misses you.
Casting: Conjure Flame
Confirm with . or Enter, or press ? or * to list all spells.
Aiming: Flame Tongue
Press: ? - help, Shift-Dir - straight line, f - giant cockroach
Aim: a giant cockroach (severely wounded, clinging)
You miscast Flame Tongue.
You are very lightly contaminated with residual magic.
Your skin glows momentarily.
The giant cockroach misses you. Something hits you!
Casting: Flame Tongue
Confirm with . or Enter, or press ? or * to list all spells.
Aiming: Flame Tongue
Press: ? - help, Shift-Dir - straight line, f/p - giant cockroach
Aim: a giant cockroach (severely wounded, clinging)
The flame tongue hits the giant cockroach.
The giant cockroach is almost dead.
The giant cockroach barely misses you. Something hits you!
Ouch! That really hurt!
You die...

# #..##.####### #..##.#
#.....# ######### ##.####
#.......# #.# #.#####.# # #.#
####.### #.# # ###.# #......#
#.# ###### ######...##
##.##.#.# #.# #._.##
..........## #..@s...# #.#
#.#(..
#####.....รท###.)##...###.#
#...## #>#.........##.......#
##.###
#.##..####.####.#########>###
#.....# #.# #.# #.......
####.## #.####.# #.##.###
##'## #......# #.##.###
##...## ######.# #.##....
##..)..## ##.# #.##..#.


You could see a giant cockroach.

Vanquished Creatures
  An ooze (D:2)
  A leopard gecko (D:1)
  A giant cockroach (D:1)
  6 goblins
  4 hobgoblins
  3 kobolds
  5 bats
  A frilled lizard (D:2)
  3 rats
25 creatures vanquished.

Notes
Turn   | Place    | Note
-------+----------+-------------------------------------------
     0 | D:1      | Jynx the Deep Elf Fire Elementalist began the quest for the Orb.
     0 | D:1      | Reached XP level 1. HP: 10/10 MP: 6/6
   530 | D:1      | Reached XP level 2. HP: 15/15 MP: 5/8
   762 | D:1      | You fall through a shaft!
   764 | D:2      | Reached skill level 4 in Fire Magic
  1192 | D:2      | Found a deep blue altar of Sif Muna.
  1198 | D:2      | Noticed Sigmund
  1417 | D:2      | Found a radiant altar of Vehumet.
  1429 | D:2      | Became a worshipper of Vehumet
  1472 | D:2      | Found a shimmering altar of Xom.
  1472 | D:2      | Found a glowing silver altar of Zin.
  1473 | D:2      | Noticed an angel
  1716 | D:2      | Found a hazy altar of Hepliaklqana.
  1849 | D:2      | Reached XP level 3. HP: 19/19 MP: 6/10
  1854 | D:2      | Learned a level 3 spell: Conjure Flame
  1926 | D:2      | Mangled by Sigmund

Skill      XL: |  1  2 |
---------------+-------+-----
Fire Magic     | 4 |  4.2
Dodging        | |  2.4
Stealth        | |  2.4
Spellcasting   | |  3.5
Conjurations   | |  1.4

Action                   || total
-------------------------++-------
Melee: Dagger            ||     6
 Cast: Flame Tongue      ||    43
       Conjure Flame     ||     1
  Use: Scroll            ||     1
  Eat: Chunk             ||     2
Armor: Robe              ||     8
Dodge: Dodged            ||    15
